AoeStats
← Herby

Golden Pit

509802162Analyzed
1v1 RM · 4d ago on Sep 28, 2026· 21m 16s· 2 players
Game mode
Random Map
Map size
Tiny (2 player)
Population
200
Speed
Normal
Resources
Standard
Victory
Conquest
Starting age
Dark Age
Ending age
Imperial Age
RankedLock teamsTeams togetherTeam positionsShared explorationLock speedFull tech treeHidden civsTurbo modeCheats
Victory
Defeat
🇲🇽 Romans · Mexico
1302
+14
🇧🇷 Khitans · Brazil
1266
-14
Droga, eh o sl0ttzera
6:57 Loom
9:44 Feudal Age
10:11 Double-Bit Axe
12:41 Domestication
18:32 Castle Age
16:39 Gold Mining
17:50 Scale Mail Armor
19:12 Scale Barding Armor
Herby
2:37 Loom
10:54 Feudal Age
15:56 Castle Age
14:42 Double-Bit Axe
16:20 Gold Mining
17:20 Bow Saw
Connection lost

Rejoining the realm…

Still unreachable

The connection could not be restored.

Session expired

The server has moved on; the page needs a fresh start.